 Dungeon Crawl Stone Soup version 0.20.1-1-g8b1a95d (webtiles) character file.

258 polve the Slasher (level 5, -1/41 HPs)
             Began as a Demonspawn Abyssal Knight on July 7, 2017.
             Was a Believer of Lugonu.
             Hit by a stone thrown by a gnoll (3 damage)
             ... on level 4 of the Dungeon.
             The game lasted 00:04:08 (4284 turns).

polve the Slasher (Demonspawn Abyssal Knight)       Turns: 4284, Time: 00:04:08

Health: -1/41      AC:  4    Str: 15    XL:     5   Next: 94%
Magic:  6/6        EV: 13    Int: 14    God:    Lugonu [**....]
Gold:   153        SH:  0    Dex: 12    Spells: 4/4 levels left

rFire    . . .     SeeInvis +   a - +1 falchion
rCold    . . .     Gourm    .   (no shield)
rNeg     . . .     Faith    .   w - +0 leather armour
rPois    .         Spirit   .   (helmet restricted)
rElec    .         Reflect  .   d - +0 cloak
rCorr    .         Harm     .   (no gloves)
MR       .....     Clarity  +   (no boots)
Stlth    +.........             (no amulet)
Regen    0.6/turn               (no ring)
MPRegen  0.1/turn               (no ring)

@: no status effects
A: antennae 1, repulsion field 1, see invisible, clarity, demonic guardian 1,
regeneration 1, strong 1
a: Depart the Abyss, Bend Space, Renounce Religion


You were on level 4 of the Dungeon.
You worshipped Lugonu.
Lugonu was pleased with you.
You were not hungry.

You visited 1 branch of the dungeon, and saw 4 of its levels.
You visited the Abyss 1 time.

You collected 153 gold pieces.

Inventory:

Hand Weapons
 a - a +1 falchion (weapon)
 b - a +0 blowgun
Missiles
 x - 13 poisoned needles
Armour
 d - a +0 cloak (worn)
 w - a +0 leather armour (worn)
Jewellery
 r - an uncursed ring of see invisible {unknown}
Scrolls
 e - a scroll of enchant armour {unknown}
 f - 3 scrolls of enchant weapon {unknown}
 g - 2 scrolls of recharging {unknown}
 j - 3 scrolls of identify {unknown}
 n - a scroll of remove curse {unknown}
 q - a scroll of teleportation {unknown}
 s - a scroll of fog {unknown}
 t - a scroll of blinking {unknown}
 y - a scroll of immolation {unknown}
 z - a scroll of magic mapping {unknown}
Potions
 i - a potion of haste {unknown}
 m - a potion of agility {unknown}
 o - a potion of degeneration {unknown}
 u - a potion of berserk rage {unknown}
Books
 l - a book of Cantrips

   Spells                             Type                      Level
   a - Confusing Touch                Hexes                        1
   b - Animate Skeleton               Necromancy                   1
   c - Summon Small Mammal            Summoning                    1
   d - Apportation                    Translocation                1
Comestibles
 c - 2 bread rations
 h - 4 chunks of flesh
 k - 8 fruits
 p - 2 meat rations
 v - a royal jelly


   Skills:
 - Level 3.0 Fighting
 + Level 5.7 Long Blades
 - Level 1.7 Armour
 - Level 0.8 Dodging
 - Level 2.4 Invocations


You had 4 spell levels left.
You didn't know any spells.

Dungeon Overview and Level Annotations

Branches:
Dungeon (4/15)
 Temple: D:4-7

Altars:
Sif Muna


Innate Abilities, Weirdness & Mutations

You have a pair of small antennae on your head.
You are surrounded by a mild repulsion field. (EV +2)
A weak demonic guardian rushes to your aid.
You have supernaturally acute eyesight. (SInv)
You possess an exceptional clarity of mind.
Your natural rate of healing is unusually fast.
Your muscles are strong. (Str +2)


Message History

The gnoll closely misses you.
Your white imp hits the gnoll but does no damage.
You hit the gnoll but do no damage.
The gnoll is severely wounded.
The gnoll closely misses you. The gnoll hits you with a spear.
* * * LOW HITPOINT WARNING * * *
The gnoll hits you from afar with a spear.
* * * LOW HITPOINT WARNING * * *
Your white imp closely misses the gnoll.
The gnoll hits you from afar with a spear!
* * * LOW HITPOINT WARNING * * *
Your white imp hits the gnoll.
Your white imp freezes the gnoll.
The gnoll dies!
Lugonu accepts your kill.
You see here a throwing net.
The gnoll throws a stone.
The stone hits you!
* * * LOW HITPOINT WARNING * * *
You see here a stone.
The gnoll throws a stone.
The stone hits you.
You die...

.............#...#
.#####.......#...# ##
#.......##### ..
#.......#...####'#...
#.......#........'...
#.......#...5g...#...
#.......#..(.g...#
#.......#.(.###+##
#.......#@..#
#.......'...#
#.......#...#
#.......#...+
#.......#...#
+.......#...#
#.......#...#
#.......##### .......


You could see 2 gnolls and a friendly white imp.

Vanquished Creatures
  A hound (D:4)
  Crazy Yiuf (D:3)
  A bullfrog skeleton (D:4)
  A mummy (D:4)
  A hound skeleton (D:2)
  2 adders
  3 worms (D:2)
  3 dart slugs
  A leopard gecko (D:2)
  9 orcs (D:3)
  A ball python (D:3)
  12 bats
  8 hobgoblins
  7 jackals
  A quokka (D:2)
  7 frilled lizards
  4 goblins
  A hobgoblin zombie (D:4)
  6 kobolds
  2 orc zombies (D:4)
  8 rats
80 creatures vanquished.

Vanquished Creatures (collateral kills)
  A howler monkey (D:4)
  A gnoll (D:4)
  An adder (D:4)
  An orc zombie (D:4)
4 creatures vanquished.

Grand Total: 84 creatures vanquished

Notes
Turn   | Place    | Note
-------+----------+-------------------------------------------
     0 | Abyss:1  | polve the Demonspawn Abyssal Knight began the quest for the Orb.
     0 | Abyss:1  | Reached XP level 1. HP: 18/18 MP: 2/2
    11 | Abyss:1  | Found a hazy altar of Hepliaklqana.
    13 | Abyss:1  | Found a shimmering altar of Xom.
    14 | Abyss:1  | Found a shimmering altar of Xom.
    14 | Abyss:1  | Found a shimmering altar of Xom.
    15 | Abyss:1  | Found a shimmering altar of Xom.
    15 | Abyss:1  | Found a shimmering altar of Xom.
    15 | Abyss:1  | Found a corrupted altar of Lugonu.
    15 | Abyss:1  | Found a shimmering altar of Xom.
    16 | Abyss:1  | Found a shimmering altar of Xom.
    16 | Abyss:1  | Found a shimmering altar of Xom.
    16 | Abyss:1  | Found a shimmering altar of Xom.
    16 | Abyss:1  | Found a shimmering altar of Xom.
    16 | Abyss:1  | Found a shimmering altar of Xom.
    29 | Abyss:1  | Noticed a revenant
    36 | Abyss:2  | Noticed a raiju
    38 | Abyss:2  | Noticed a raiju
    72 | Abyss:2  | Noticed a small abomination
    98 | Abyss:2  | Noticed a glowing orange brain
   101 | Abyss:2  | Noticed an iron imp
   101 | Abyss:2  | Noticed a death knight
   101 | Abyss:2  | Noticed a ghoul
   101 | Abyss:2  | Noticed a freezing wraith
   101 | Abyss:2  | Noticed a wraith
   101 | Abyss:2  | Noticed a phantasmal warrior
   102 | D:1      | Escaped the Abyss
   110 | D:1      | Reached skill level 2 in Long Blades
   195 | D:1      | Reached * piety under Lugonu
   202 | D:1      | Gained mutation: You have a pair of small antennae on your head. [demonic ancestry]
   202 | D:1      | Reached XP level 2. HP: 12/24 MP: 3/3
   920 | D:1      | Reached skill level 3 in Long Blades
  1368 | D:2      | Gained mutation: You are surrounded by a mild repulsion field. (EV +2) [demonic ancestry]
  1368 | D:2      | Reached XP level 3. HP: 29/29 MP: 4/4
  2377 | D:2      | Gained mutation: A weak demonic guardian rushes to your aid. [demonic ancestry]
  2377 | D:2      | Reached XP level 4. HP: 35/35 MP: 5/5
  2488 | D:2      | Reached skill level 4 in Long Blades
  2642 | D:3      | Reached ** piety under Lugonu
  3173 | D:3      | Found a runed door.
  3570 | D:3      | Found a deep blue altar of Sif Muna.
  3954 | D:3      | Noticed Crazy Yiuf
  3956 | D:3      | Gained mutation: Your natural rate of healing is unusually fast. [potion of mutation]
  3956 | D:3      | Gained mutation: You possess an exceptional clarity of mind. [potion of mutation]
  3956 | D:3      | Gained mutation: Your muscles are strong. (Str +2) [potion of mutation]
  3956 | D:3      | Gained mutation: You have supernaturally acute eyesight. (SInv) [potion of mutation]
  3963 | D:3      | Killed Crazy Yiuf
  3963 | D:3      | Reached XP level 5. HP: 33/41 MP: 6/6
  4016 | D:4      | Reached skill level 5 in Long Blades
  4283 | D:4      | HP: 2/41 [gnoll/stone (8)]
  4284 | D:4      | Hit by a stone thrown by a gnoll

Skill      XL: |  1  2  3  4  5 |
---------------+----------------+-----
Long Blades    | 2 3 4 5 |  5.7
Fighting       | |  3.0
Armour         | |  1.7
Dodging        | |  0.8
Invocations    | |  2.4

Action                   |  1- 3 |  4- 6 || total
-------------------------+-------+-------++-------
Melee: Falchion          |   139 |   157 ||   296
Invok: Depart the Abyss  |     1 |       ||     1
  Use: Potion            |       |     2 ||     2
  Eat: Chunk             |     5 |     6 ||    11
Armor: Leather armour    |    34 |    32 ||    66
Dodge: Dodged            |    86 |   114 ||   200
       Rpst.: Falchion   |    32 |    33 ||    65
